3440 views
Uploaded 2020-02-08 18:30:37
Game version 1.32 / 1.32.1
19:58 long 4on4 ladder game on (8)Deadlock_LV
Saved by byung
3440 views
Uploaded 2020-02-08 18:30:37
Game version 1.32 / 1.32.1
19:58 long 4on4 ladder game on (8)Deadlock_LV


121 units @ 18.8k
/ 2.6k
95 buildings @ 11.2k
/ 5.2k


| Ritual Dagger | 2 | 250 |
| Rod of Necromancy | 2 | 300 |
| Orb of Corruption | 1 | 375 |
| Dust of Appearance | 1 | 75 |
| Scroll of Town Portal | 3 | 1050 |
| total: | 9 | 2050g |
| Acolyte | 8 | 600 | / | 0 |
| Ghoul | 4 | 480 | / | 0 |
| Crypt Fiend | 11 | 2365 | / | 440 |
| Obsidian Statue | 8 | 1600 | / | 280 |
| total: | 31 | 5045g | / | 720w |
| Nerubian Tower | 2 | 200 | / | 40 |
| Graveyard | 2 | 430 | / | 0 |
| Crypt | 1 | 200 | / | 50 |
| Altar of Darkness | 1 | 180 | / | 50 |
| Ziggurat | 8 | 1200 | / | 400 |
| Tomb of Relics | 1 | 130 | / | 30 |
| Necropolis | 1 | 225 | / | 0 |
| Slaughterhouse | 3 | 420 | / | 405 |
| Sacrificial Pit | 1 | 75 | / | 150 |
| Boneyard | 1 | 175 | / | 200 |
| Halls of the Dead | 2 | 640 | / | 420 |
| Black Citadel | 1 | 325 | / | 230 |
| total: | 19 | 3035g | / | 1285w |
| 0:03 | Acolyte |
| 0:04 | Acolyte |
| 0:06 | Graveyard |
| 0:08 | Graveyard |
| 0:13 | Crypt |
| 0:18 | Acolyte |
| 0:50 | Altar of Darkness |
| 1:01 | Ziggurat |
| 1:15 | Ghoul |
| 1:25 | Tomb of Relics |
| 1:52 | Crypt Fiend |
| 2:03 | Ziggurat |
| 2:16 | Nerubian Tower |
| 2:34 | Crypt Fiend |
| 2:50 | Death Coil |
| 2:57 | Ritual Dagger |
| 3:10 | Rod of Necromancy |
| 3:11 | Dust of Appearance |
| 3:19 | Ghoul |
| 3:47 | Halls of the Dead |
| 4:05 | Crypt Fiend |
| 4:05 | Crypt Fiend |
| 4:13 | Unholy Aura |
| 4:26 | Crypt Fiend |
| 4:56 | Crypt Fiend |
| 5:20 | Crypt Fiend |
| 5:20 | Crypt Fiend |
| 5:35 | Ziggurat |
| 6:18 | Crypt Fiend |
| 6:18 | Crypt Fiend |
| 6:37 | Death Coil |
| 7:07 | Slaughterhouse |
| 7:18 | Ritual Dagger |
| 7:29 | Black Citadel |
| 7:31 | Rod of Necromancy |
| 7:33 | Burrow |
| 8:09 | Scroll of Town Portal |
| 8:17 | Frost Nova |
| 8:44 | Obsidian Statue |
| 8:44 | Obsidian Statue |
| 8:56 | Dark Ritual |
| 9:02 | Ziggurat |
| 9:07 | Sacrificial Pit |
| 9:25 | Web |
| 10:15 | Destroyer Form |
| 10:17 | Ghoul |
| 10:17 | Ghoul |
| 11:06 | Obsidian Statue |
| 11:06 | Obsidian Statue |
| 11:12 | Ziggurat |
| 11:13 | Acolyte |
| 11:57 | Crypt Fiend |
| 12:00 | Creature Attack |
| 12:00 | Creature Carapace |
| 12:08 | Necropolis |
| 12:43 | Orb of Corruption |
| 13:32 | Scroll of Town Portal |
| 13:32 | Scroll of Town Portal |
| 13:50 | Boneyard |
| 14:34 | Unholy Aura |
| 14:40 | Improved Creature Carapace |
| 14:40 | Improved Creature Attack |
| 15:28 | Frost Nova |
| 15:57 | Obsidian Statue |
| 15:58 | Obsidian Statue |
| 16:30 | Slaughterhouse |
| 16:58 | Slaughterhouse |
| 17:00 | Ziggurat |
| 17:23 | Death Coil |
| 17:28 | Frost Armor |
| 17:42 | Obsidian Statue |
| 17:42 | Obsidian Statue |
| 18:20 | Acolyte |
| 18:20 | Acolyte |
| 18:20 | Acolyte |
| 18:21 | Acolyte |
| 18:26 | Ziggurat |
| 18:56 | Advanced Creature Attack |
| 19:08 | Ziggurat |
| Right click | 1089 |
| Select group | 750 |
| Select | 681 |
| Misc. action | 186 |
| Build/train/purchase | 108 |
| Assign group | 95 |
| Use ability | 57 |
| Chat | 14 |
| Minimap ping | 7 |
| Item give/drop | 6 |
| Esc | 6 |



| Potion of Healing | 3 | 450 |
| Potion of Mana | 3 | 600 |
| Scroll of Town Portal | 3 | 1050 |
| Boots of Speed | 1 | 250 |
| Staff of Teleportation | 1 | 150 |
| Potion of Lesser Invulnerability | 1 | 150 |
| Orb of Corruption | 1 | 375 |
| total: | 13 | 3025g |
| Peasant | 15 | 1125 | / | 0 |
| Footman | 1 | 135 | / | 0 |
| Gryphon Rider | 8 | 2240 | / | 560 |
| total: | 24 | 3500g | / | 560w |
| Scout Tower | 21 | 630 | / | 420 |
| Guard Tower | 15 | 1050 | / | 750 |
| Altar of Kings | 1 | 180 | / | 50 |
| Farm | 10 | 800 | / | 200 |
| Barracks | 1 | 160 | / | 60 |
| Lumber Mill | 1 | 120 | / | 0 |
| Town Hall | 1 | 385 | / | 205 |
| Arcane Vault | 1 | 130 | / | 30 |
| Blacksmith | 1 | 140 | / | 60 |
| Gryphon Aviary | 4 | 560 | / | 600 |
| Keep | 1 | 320 | / | 210 |
| Castle | 1 | 360 | / | 210 |
| total: | 41 | 3105g | / | 1625w |
| 0:04 | Altar of Kings |
| 0:06 | Farm |
| 0:06 | Peasant |
| 0:21 | Peasant |
| 0:23 | Barracks |
| 0:36 | Peasant |
| 0:55 | Peasant |
| 1:09 | Peasant |
| 1:12 | Farm |
| 1:24 | Footman |
| 1:27 | Lumber Mill |
| 1:38 | Peasant |
| 1:56 | Blizzard |
| 2:00 | Peasant |
| 2:00 | Peasant |
| 2:03 | Farm |
| 2:17 | Peasant |
| 2:32 | Scout Tower |
| 2:35 | Peasant |
| 2:53 | Scout Tower |
| 3:12 | Guard Tower |
| 3:15 | Keep |
| 3:42 | Guard Tower |
| 3:46 | Scout Tower |
| 3:48 | Scout Tower |
| 3:55 | Scout Tower |
| 4:01 | Scout Tower |
| 4:17 | Guard Tower |
| 4:47 | Scout Tower |
| 4:49 | Scout Tower |
| 4:58 | Farm |
| 5:08 | Improved Masonry |
| 5:38 | Guard Tower |
| 5:49 | Castle |
| 5:54 | Guard Tower |
| 5:58 | Guard Tower |
| 6:00 | Scout Tower |
| 6:46 | Scout Tower |
| 6:48 | Guard Tower |
| 7:08 | Scout Tower |
| 7:22 | Guard Tower |
| 7:23 | Improved Lumber Harvesting |
| 7:25 | Gryphon Aviary |
| 7:41 | Town Hall |
| 7:57 | Guard Tower |
| 8:10 | Peasant |
| 8:10 | Peasant |
| 8:10 | Peasant |
| 8:29 | Brilliance Aura |
| 8:51 | Peasant |
| 8:54 | Potion of Healing |
| 8:54 | Potion of Mana |
| 9:04 | Advanced Masonry |
| 9:20 | Gryphon Aviary |
| 10:06 | Gryphon Rider |
| 10:08 | Farm |
| 10:10 | Blizzard |
| 10:23 | Advanced Lumber Harvesting |
| 10:45 | Gryphon Rider |
| 10:52 | Gryphon Rider |
| 11:06 | Peasant |
| 11:10 | Scout Tower |
| 11:11 | Scout Tower |
| 11:34 | Gryphon Rider |
| 11:43 | Gryphon Aviary |
| 11:44 | Gryphon Aviary |
| 11:46 | Arcane Vault |
| 11:53 | Gryphon Rider |
| 12:00 | Scout Tower |
| 12:03 | Guard Tower |
| 12:16 | Storm Bolt |
| 12:24 | Scroll of Town Portal |
| 12:25 | Boots of Speed |
| 12:25 | Staff of Teleportation |
| 12:31 | Guard Tower |
| 12:36 | Farm |
| 12:46 | Farm |
| 12:47 | Farm |
| 13:19 | Gryphon Rider |
| 13:20 | Storm Hammers |
| 13:46 | Gryphon Rider |
| 14:23 | Potion of Mana |
| 14:26 | Potion of Healing |
| 14:36 | Blacksmith |
| 14:44 | Potion of Lesser Invulnerability |
| 14:49 | Farm |
| 14:49 | Farm |
| 14:56 | Scout Tower |
| 15:01 | Scout Tower |
| 15:13 | Scout Tower |
| 16:02 | Potion of Healing |
| 16:03 | Potion of Mana |
| 16:15 | Guard Tower |
| 16:15 | Scout Tower |
| 16:18 | Gryphon Rider |
| 16:19 | Iron Forged Swords |
| 16:26 | Orb of Corruption |
| 16:28 | Scroll of Town Portal |
| 17:17 | Brilliance Aura |
| 17:30 | Guard Tower |
| 17:31 | Scout Tower |
| 17:45 | Steel Forged Swords |
| 17:51 | Imbued Masonry |
| 18:07 | Thunder Clap |
| 18:24 | Scroll of Town Portal |
| 18:38 | Guard Tower |
| 18:39 | Scout Tower |
| 18:41 | Guard Tower |
| 18:42 | Scout Tower |
| 19:15 | Banish |
| 19:49 | Siphon Mana |
| Right click | 1301 |
| Select | 481 |
| Select group | 325 |
| Chat | 133 |
| Build/train/purchase | 93 |
| Use ability | 34 |
| Misc. action | 25 |
| Assign group | 12 |
| Esc | 2 |
| Minimap ping | 2 |



| Rod of Necromancy | 5 | 750 |
| Potion of Healing | 5 | 750 |
| Potion of Mana | 4 | 800 |
| Sacrificial Skull | 1 | 50 |
| Orb of Corruption | 2 | 750 |
| Scroll of Town Portal | 3 | 1050 |
| Scroll of Healing | 2 | 500 |
| Potion of Lesser Invulnerability | 1 | 150 |
| total: | 23 | 4800g |
| Acolyte | 8 | 600 | / | 0 |
| Ghoul | 2 | 240 | / | 0 |
| Crypt Fiend | 9 | 1935 | / | 360 |
| Obsidian Statue | 1 | 200 | / | 35 |
| Frost Wyrm | 2 | 770 | / | 240 |
| total: | 22 | 3745g | / | 635w |
| Crypt | 1 | 200 | / | 50 |
| Graveyard | 1 | 215 | / | 0 |
| Ziggurat | 8 | 1200 | / | 400 |
| Altar of Darkness | 1 | 180 | / | 50 |
| Tomb of Relics | 1 | 130 | / | 30 |
| Slaughterhouse | 1 | 140 | / | 135 |
| Sacrificial Pit | 1 | 75 | / | 150 |
| Boneyard | 2 | 350 | / | 400 |
| Halls of the Dead | 1 | 320 | / | 210 |
| Black Citadel | 1 | 325 | / | 230 |
| total: | 16 | 2490g | / | 1215w |
| 0:05 | Acolyte |
| 0:05 | Acolyte |
| 0:10 | Crypt |
| 0:15 | Graveyard |
| 0:19 | Acolyte |
| 0:51 | Ziggurat |
| 1:02 | Altar of Darkness |
| 1:17 | Ghoul |
| 1:38 | Ziggurat |
| 1:42 | Tomb of Relics |
| 2:03 | Crypt Fiend |
| 2:27 | Crypt Fiend |
| 2:58 | Crypt Fiend |
| 3:03 | Rod of Necromancy |
| 3:09 | Death Coil |
| 3:17 | Acolyte |
| 3:52 | Acolyte |
| 3:52 | Acolyte |
| 3:53 | Acolyte |
| 4:00 | Unholy Aura |
| 4:26 | Rod of Necromancy |
| 4:27 | Crypt Fiend |
| 4:53 | Ghoul |
| 4:55 | Ziggurat |
| 4:56 | Acolyte |
| 5:30 | Halls of the Dead |
| 5:56 | Crypt Fiend |
| 6:06 | Rod of Necromancy |
| 6:17 | Ziggurat |
| 6:26 | Crypt Fiend |
| 6:50 | Creature Attack |
| 6:50 | Creature Carapace |
| 7:10 | Death Coil |
| 7:13 | Crypt Fiend |
| 7:36 | Crypt Fiend |
| 7:37 | Ziggurat |
| 7:59 | Scroll of Town Portal |
| 8:02 | Potion of Lesser Invulnerability |
| 8:30 | Burrow |
| 8:42 | Black Citadel |
| 9:13 | Unholy Aura |
| 9:18 | Rod of Necromancy |
| 9:18 | Potion of Healing |
| 9:19 | Potion of Mana |
| 9:20 | Sacrificial Skull |
| 9:53 | Frost Nova |
| 10:24 | Improved Creature Attack |
| 10:25 | Improved Creature Carapace |
| 11:27 | Scroll of Town Portal |
| 11:28 | Orb of Corruption |
| 11:38 | Potion of Healing |
| 11:41 | Potion of Mana |
| 11:42 | Scroll of Healing |
| 11:57 | Slaughterhouse |
| 12:10 | Sacrificial Pit |
| 12:14 | Web |
| 12:20 | Frost Armor |
| 12:54 | Ziggurat |
| 12:55 | Ziggurat |
| 12:55 | Ziggurat |
| 13:00 | Sleep |
| 13:30 | Death Coil |
| 13:56 | Frost Nova |
| 14:03 | Scroll of Town Portal |
| 14:15 | Boneyard |
| 14:18 | Potion of Healing |
| 14:22 | Potion of Mana |
| 14:28 | Potion of Healing |
| 14:32 | Potion of Healing |
| 14:33 | Orb of Corruption |
| 14:33 | Scroll of Healing |
| 14:33 | Potion of Mana |
| 14:34 | Rod of Necromancy |
| 14:51 | Advanced Creature Attack |
| 15:46 | Vampiric Aura |
| 15:56 | Destroyer Form |
| 16:00 | Boneyard |
| 16:18 | Obsidian Statue |
| 16:19 | Crypt Fiend |
| 16:33 | Frost Wyrm |
| 17:23 | Frost Wyrm |
| 18:13 | Sleep |
| 18:38 | Frost Armor |
| 19:43 | Animate Dead |
| Right click | 899 |
| Select group | 433 |
| Select | 236 |
| Chat | 191 |
| Misc. action | 174 |
| Build/train/purchase | 109 |
| Use ability | 52 |
| Assign group | 45 |
| Minimap ping | 17 |
| Item give/drop | 9 |
| Esc | 4 |


| Circlet of Nobility | 1 | 175 |
| Claws of Attack +9 | 1 | 300 |
| Slippers of Agility +3 | 1 | 100 |
| Gloves of Haste | 1 | 125 |
| total: | 4 | 700g |
| Peasant | 13 | 975 | / | 0 |
| Footman | 5 | 675 | / | 0 |
| Rifleman | 15 | 3075 | / | 450 |
| Priest | 7 | 945 | / | 70 |
| Dragonhawk Rider | 4 | 800 | / | 120 |
| total: | 44 | 6470g | / | 640w |
| Altar of Kings | 1 | 180 | / | 50 |
| Farm | 10 | 800 | / | 200 |
| Barracks | 1 | 160 | / | 60 |
| Lumber Mill | 1 | 120 | / | 0 |
| Blacksmith | 1 | 140 | / | 60 |
| Town Hall | 2 | 770 | / | 410 |
| Arcane Vault | 1 | 130 | / | 30 |
| Arcane Sanctum | 1 | 150 | / | 140 |
| Gryphon Aviary | 1 | 140 | / | 150 |
| Keep | 1 | 320 | / | 210 |
| Castle | 1 | 360 | / | 210 |
| total: | 19 | 2590g | / | 1100w |
| 0:03 | Altar of Kings |
| 0:06 | Farm |
| 0:07 | Peasant |
| 0:07 | Peasant |
| 0:07 | Peasant |
| 0:37 | Peasant |
| 0:37 | Peasant |
| 0:37 | Peasant |
| 0:55 | Barracks |
| 1:16 | Lumber Mill |
| 1:24 | Peasant |
| 1:24 | Peasant |
| 1:31 | Farm |
| 2:00 | Footman |
| 2:00 | Footman |
| 2:08 | Farm |
| 2:12 | Summon Water Elemental |
| 3:21 | Blacksmith |
| 3:23 | Keep |
| 3:25 | Footman |
| 3:25 | Footman |
| 4:56 | Rifleman |
| 4:56 | Rifleman |
| 4:56 | Rifleman |
| 4:56 | Rifleman |
| 5:00 | Farm |
| 5:03 | Farm |
| 5:05 | Black Gunpowder |
| 5:43 | Farm |
| 5:46 | Arcane Sanctum |
| 6:06 | Brilliance Aura |
| 6:20 | Rifleman |
| 6:20 | Rifleman |
| 6:21 | Long Rifles |
| 7:11 | Summon Water Elemental |
| 7:29 | Priest |
| 7:29 | Priest |
| 7:29 | Priest Adept Training |
| 7:33 | Farm |
| 7:41 | Rifleman |
| 7:41 | Rifleman |
| 8:22 | Gryphon Aviary |
| 9:20 | Black Arrow |
| 9:26 | Priest |
| 9:56 | Town Hall |
| 10:02 | Improved Lumber Harvesting |
| 10:26 | Refined Gunpowder |
| 11:19 | Studded Leather Armor |
| 11:58 | Priest |
| 12:21 | Peasant |
| 12:21 | Peasant |
| 12:24 | Peasant |
| 12:43 | Improved Masonry |
| 13:10 | Farm |
| 13:12 | Farm |
| 13:13 | Farm |
| 13:26 | Castle |
| 13:27 | Rifleman |
| 13:27 | Rifleman |
| 13:51 | Claws of Attack +9 |
| 14:07 | Arcane Vault |
| 14:23 | Slippers of Agility +3 |
| 14:29 | Gloves of Haste |
| 14:35 | Circlet of Nobility |
| 15:09 | Peasant |
| 15:10 | Peasant |
| 15:16 | Rifleman |
| 15:17 | Rifleman |
| 16:28 | Rifleman |
| 16:28 | Rifleman |
| 16:28 | Rifleman |
| 16:54 | Priest Master Training |
| 17:01 | Dragonhawk Rider |
| 17:01 | Dragonhawk Rider |
| 17:50 | Silence |
| 17:58 | Brilliance Aura |
| 18:13 | Priest |
| 18:13 | Priest |
| 18:13 | Priest |
| 18:44 | Dragonhawk Rider |
| 18:44 | Dragonhawk Rider |
| 18:45 | Cloud |
| 18:46 | Footman |
| 19:09 | Black Arrow |
| 19:27 | Town Hall |
| Right click | 381 |
| Select | 196 |
| Build/train/purchase | 76 |
| Resource trade | 15 |
| Select group | 4 |
| Use ability | 3 |
| Assign group | 1 |
| Remove unit | 1 |
| Minimap ping | 1 |
161 units @ 20.8k
/ 2.3k
65 buildings @ 9.8k
/ 3.7k


| Peon | 11 | 825 | / | 0 |
| Grunt | 13 | 2600 | / | 0 |
| total: | 24 | 3425g | / | 0w |
| Watch Tower | 2 | 220 | / | 160 |
| Altar of Storms | 1 | 180 | / | 50 |
| Orc Burrow | 9 | 1440 | / | 360 |
| Barracks | 2 | 360 | / | 100 |
| War Mill | 1 | 205 | / | 0 |
| Great Hall | 2 | 770 | / | 370 |
| Stronghold | 1 | 315 | / | 190 |
| total: | 17 | 3175g | / | 1040w |
| 0:05 | Peon |
| 0:06 | Peon |
| 0:12 | Altar of Storms |
| 0:20 | Orc Burrow |
| 0:22 | Peon |
| 0:48 | Peon |
| 0:48 | Peon |
| 0:55 | Barracks |
| 1:23 | Peon |
| 1:24 | Peon |
| 1:28 | Peon |
| 1:28 | Peon |
| 1:42 | Orc Burrow |
| 2:36 | Stronghold |
| 2:38 | Grunt |
| 3:05 | War Mill |
| 3:13 | Feral Spirit |
| 3:30 | Orc Burrow |
| 3:41 | Grunt |
| 4:04 | Grunt |
| 4:28 | Steel Melee Weapons |
| 5:03 | Grunt |
| 5:04 | Berserker Strength |
| 5:33 | Grunt |
| 6:01 | Orc Burrow |
| 6:26 | Grunt |
| 7:05 | Orc Burrow |
| 7:09 | Peon |
| 7:15 | Watch Tower |
| 7:17 | Grunt |
| 7:17 | Grunt |
| 7:41 | Peon |
| 7:46 | Orc Burrow |
| 8:27 | Watch Tower |
| 8:32 | Grunt |
| 9:16 | Great Hall |
| 9:27 | Healing Wave |
| 9:36 | Orc Burrow |
| 11:19 | Grunt |
| 12:10 | Orc Burrow |
| 13:12 | Orc Burrow |
| 13:34 | Great Hall |
| 14:11 | Grunt |
| 14:29 | Grunt |
| 14:37 | Grunt |
| 15:06 | Thorium Melee Weapons |
| 15:37 | Barracks |
| Right click | 888 |
| Select | 215 |
| Build/train/purchase | 65 |
| Assign group | 5 |
| Use ability | 3 |
| Select group | 1 |
| Minimap ping | 1 |

| Peasant | 30 | 2250 | / | 0 |
| Footman | 4 | 540 | / | 0 |
| Rifleman | 8 | 1640 | / | 240 |
| total: | 42 | 4430g | / | 240w |
| Scout Tower | 7 | 210 | / | 140 |
| Guard Tower | 5 | 350 | / | 250 |
| Barracks | 1 | 160 | / | 60 |
| Altar of Kings | 1 | 180 | / | 50 |
| Farm | 6 | 480 | / | 120 |
| Blacksmith | 1 | 140 | / | 60 |
| Lumber Mill | 1 | 120 | / | 0 |
| Keep | 1 | 320 | / | 210 |
| total: | 17 | 1290g | / | 430w |
| 0:04 | Peasant |
| 0:05 | Peasant |
| 0:08 | Barracks |
| 0:12 | Altar of Kings |
| 0:16 | Farm |
| 0:29 | Peasant |
| 0:42 | Farm |
| 0:52 | Peasant |
| 1:04 | Peasant |
| 1:12 | Footman |
| 1:24 | Peasant |
| 1:29 | Farm |
| 1:41 | Footman |
| 2:00 | Blacksmith |
| 2:10 | Footman |
| 2:13 | Devotion Aura |
| 2:35 | Footman |
| 2:41 | Farm |
| 3:18 | Rifleman |
| 3:21 | Keep |
| 4:27 | Lumber Mill |
| 4:29 | Rifleman |
| 4:56 | Farm |
| 4:59 | Black Gunpowder |
| 5:22 | Holy Light |
| 5:37 | Farm |
| 5:39 | Rifleman |
| 7:05 | Peasant |
| 7:05 | Peasant |
| 7:12 | Rifleman |
| 7:13 | Rifleman |
| 7:14 | Refined Gunpowder |
| 7:22 | Peasant |
| 7:37 | Peasant |
| 7:37 | Peasant |
| 8:19 | Devotion Aura |
| 8:51 | Peasant |
| 8:51 | Peasant |
| 8:51 | Peasant |
| 9:01 | Scout Tower |
| 9:02 | Scout Tower |
| 9:03 | Scout Tower |
| 9:18 | Peasant |
| 9:19 | Peasant |
| 9:35 | Guard Tower |
| 10:29 | Guard Tower |
| 10:45 | Peasant |
| 10:45 | Peasant |
| 10:45 | Peasant |
| 11:13 | Peasant |
| 11:59 | Peasant |
| 12:23 | Peasant |
| 12:23 | Peasant |
| 12:23 | Peasant |
| 12:36 | Scout Tower |
| 12:39 | Peasant |
| 13:09 | Scout Tower |
| 13:15 | Peasant |
| 13:15 | Peasant |
| 13:17 | Rifleman |
| 13:29 | Guard Tower |
| 13:35 | Improved Masonry |
| 14:17 | Rifleman |
| 14:19 | Peasant |
| 14:19 | Peasant |
| 14:23 | Scout Tower |
| 14:24 | Guard Tower |
| 14:47 | Scout Tower |
| 14:54 | Advanced Masonry |
| 14:58 | Guard Tower |
| 17:10 | Divine Shield |
| 17:13 | Rifleman |
| 17:35 | Peasant |
| Right click | 505 |
| Select | 206 |
| Build/train/purchase | 69 |
| Use ability | 4 |
| Minimap ping | 3 |


| Rod of Necromancy | 1 | 150 |
| Potion of Healing | 1 | 150 |
| total: | 2 | 300g |
| Acolyte | 3 | 225 | / | 0 |
| Ghoul | 3 | 360 | / | 0 |
| Crypt Fiend | 8 | 1720 | / | 320 |
| Necromancer | 9 | 1305 | / | 180 |
| Obsidian Statue | 7 | 1400 | / | 245 |
| total: | 30 | 5010g | / | 745w |
| Nerubian Tower | 1 | 100 | / | 20 |
| Altar of Darkness | 1 | 180 | / | 50 |
| Crypt | 1 | 200 | / | 50 |
| Ziggurat | 6 | 900 | / | 300 |
| Graveyard | 1 | 215 | / | 0 |
| Tomb of Relics | 1 | 130 | / | 30 |
| Temple of the Damned | 1 | 155 | / | 140 |
| Slaughterhouse | 1 | 140 | / | 135 |
| Halls of the Dead | 1 | 320 | / | 210 |
| Black Citadel | 1 | 325 | / | 230 |
| total: | 12 | 1920g | / | 705w |
| 0:04 | Acolyte |
| 0:07 | Altar of Darkness |
| 0:11 | Crypt |
| 0:25 | Ziggurat |
| 0:38 | Acolyte |
| 0:50 | Graveyard |
| 1:17 | Ghoul |
| 1:25 | Ghoul |
| 1:45 | Ziggurat |
| 1:55 | Ghoul |
| 2:13 | Death Coil |
| 2:22 | Crypt Fiend |
| 3:06 | Crypt Fiend |
| 3:16 | Crypt Fiend |
| 3:54 | Acolyte |
| 4:47 | Crypt Fiend |
| 4:55 | Tomb of Relics |
| 5:01 | Ziggurat |
| 5:04 | Halls of the Dead |
| 5:22 | Unholy Aura |
| 6:23 | Crypt Fiend |
| 6:43 | Crypt Fiend |
| 6:47 | Ziggurat |
| 7:46 | Temple of the Damned |
| 7:52 | Slaughterhouse |
| 8:27 | Ziggurat |
| 8:31 | Creature Attack |
| 8:32 | Unholy Armor |
| 8:33 | Creature Carapace |
| 9:03 | Nerubian Tower |
| 9:10 | Necromancer |
| 9:24 | Obsidian Statue |
| 9:24 | Obsidian Statue |
| 9:46 | Rod of Necromancy |
| 9:46 | Potion of Healing |
| 9:48 | Web |
| 9:57 | Necromancer |
| 10:03 | Obsidian Statue |
| 10:29 | Necromancer |
| 11:58 | Obsidian Statue |
| 11:59 | Skeletal Mastery |
| 12:00 | Necromancer |
| 12:03 | Necromancer |
| 12:09 | Ziggurat |
| 12:23 | Summon Lava Spawn |
| 12:47 | Crypt Fiend |
| 13:37 | Necromancer |
| 14:08 | Crypt Fiend |
| 14:43 | Obsidian Statue |
| 16:26 | Black Citadel |
| 16:28 | Obsidian Statue |
| 16:30 | Necromancer |
| 17:24 | Death Coil |
| 17:29 | Soul Burn |
| 17:45 | Obsidian Statue |
| 17:47 | Necromancer |
| 17:47 | Necromancer |
| Right click | 878 |
| Select group | 509 |
| Select | 212 |
| Build/train/purchase | 65 |
| Assign group | 27 |
| Resource trade | 15 |
| Minimap ping | 12 |
| Use ability | 8 |
| Remove unit | 5 |
| Misc. action | 2 |
| Item give/drop | 1 |


| Potion of Healing | 1 | 150 |
| Scroll of Town Portal | 4 | 1400 |
| total: | 5 | 1550g |
| Wisp | 28 | 1680 | / | 0 |
| Archer | 5 | 650 | / | 50 |
| Huntress | 9 | 1755 | / | 180 |
| Hippogryph | 7 | 1120 | / | 140 |
| Dryad | 9 | 1305 | / | 540 |
| Druid of the Claw | 4 | 1020 | / | 320 |
| Druid of the Talon | 3 | 435 | / | 60 |
| total: | 65 | 7965g | / | 1290w |
| Ancient Protector | 2 | 270 | / | 160 |
| Altar of Elders | 1 | 180 | / | 50 |
| Moon Well | 7 | 1260 | / | 280 |
| Ancient of War | 1 | 150 | / | 60 |
| Hunter's Hall | 1 | 210 | / | 100 |
| Ancient of Wonders | 2 | 180 | / | 60 |
| Tree of Life | 2 | 680 | / | 370 |
| Ancient of Wind | 1 | 150 | / | 140 |
| Ancient of Lore | 2 | 310 | / | 290 |
| Tree of Ages | 1 | 320 | / | 180 |
| total: | 19 | 3390g | / | 1510w |
| 0:04 | Wisp |
| 0:04 | Wisp |
| 0:08 | Altar of Elders |
| 0:15 | Moon Well |
| 0:26 | Wisp |
| 0:46 | Ancient of War |
| 0:51 | Wisp |
| 1:06 | Wisp |
| 1:26 | Moon Well |
| 1:28 | Wisp |
| 1:30 | Wisp |
| 1:49 | Archer |
| 1:54 | Archer |
| 2:54 | Tree of Ages |
| 3:03 | Force of Nature |
| 4:03 | Hunter's Hall |
| 4:09 | Ancient of Wonders |
| 4:41 | Thorns Aura |
| 5:29 | Tree of Life |
| 5:32 | Wisp |
| 5:32 | Wisp |
| 5:32 | Wisp |
| 5:54 | Huntress |
| 5:58 | Moon Well |
| 6:39 | Huntress |
| 6:51 | Force of Nature |
| 6:54 | Moon Well |
| 7:27 | Ancient of Wind |
| 7:50 | Wisp |
| 7:50 | Wisp |
| 7:50 | Wisp |
| 7:55 | Wisp |
| 7:56 | Wisp |
| 7:56 | Wisp |
| 7:56 | Wisp |
| 7:57 | Wisp |
| 7:59 | Huntress |
| 8:08 | Searing Arrows |
| 8:18 | Sentinel |
| 8:25 | Ancient of Wonders |
| 8:43 | Hippogryph |
| 8:52 | Wisp |
| 8:52 | Wisp |
| 8:52 | Wisp |
| 8:58 | Ancient of Lore |
| 9:15 | Wisp |
| 9:16 | Wisp |
| 9:16 | Wisp |
| 9:23 | Moon Glaive |
| 9:35 | Scroll of Town Portal |
| 9:52 | Scroll of Town Portal |
| 9:52 | Potion of Healing |
| 9:59 | Hippogryph |
| 10:02 | Archer |
| 10:03 | Improved Bows |
| 10:10 | Ancient of Lore |
| 10:41 | Ancient Protector |
| 10:46 | Ancient Protector |
| 11:11 | Dryad |
| 11:13 | Hippogryph |
| 11:14 | Hippogryph |
| 11:17 | Huntress |
| 11:17 | Huntress |
| 11:21 | Moon Armor |
| 11:59 | Abolish Magic |
| 12:06 | Druid of the Claw Adept Training |
| 12:09 | Moon Well |
| 12:16 | Tree of Life |
| 14:29 | Hippogryph |
| 14:29 | Hippogryph |
| 14:30 | Dryad |
| 14:30 | Dryad |
| 14:31 | Strength of the Moon |
| 14:36 | Archer |
| 14:36 | Archer |
| 14:37 | Druid of the Claw |
| 14:37 | Druid of the Claw |
| 14:43 | Moon Well |
| 15:40 | Scroll of Town Portal |
| 16:09 | Scroll of Town Portal |
| 17:10 | Druid of the Talon |
| 17:10 | Druid of the Talon |
| 17:11 | Dryad |
| 17:11 | Dryad |
| 17:20 | Dryad |
| 17:20 | Dryad |
| 17:21 | Huntress |
| 17:21 | Huntress |
| 17:26 | Moon Well |
| 17:30 | Wisp |
| 17:30 | Wisp |
| 17:31 | Wisp |
| 17:31 | Wisp |
| 18:00 | Druid of the Talon |
| 18:02 | Hippogryph |
| 18:05 | Dryad |
| 18:08 | Strength of the Wild |
| 18:40 | Druid of the Claw |
| 18:47 | Huntress |
| 18:50 | Druid of the Claw |
| 19:19 | Huntress |
| 19:23 | Dryad |
| Right click | 353 |
| Select | 278 |
| Build/train/purchase | 93 |
| Use ability | 31 |
| Select group | 15 |
| Assign group | 6 |
| Resource trade | 6 |
| Esc | 2 |
⇛